AoeStats
← Barnar

Black Forest

506726821Analyzed
1v1 RM · 17d ago on Sep 14, 2026· 105m 53s· 2 players
Game mode
Random Map
Map size
Tiny (2 player)
Population
200
Speed
Normal
Resources
Standard
Victory
Conquest
Starting age
Dark Age
Ending age
Imperial Age
RankedLock teamsTeams togetherTeam positionsShared explorationLock speedFull tech treeHidden civsTurbo modeCheats
Victory
Defeat
🇮🇹 Burgundians · Italy
696
+18
🇨🇴 Mapuche · Colombia
735
-18
Barnar
0:34 Loom
11:33 Double-Bit Axe
13:04 Horse Collar
15:12 Feudal Age
21:30 Castle Age
20:10 Wheelbarrow
20:24 Stone Mining
23:46 Hand Cart
26:44 Gold Mining
28:57 Gold Shaft Mining
28:43 Forging
29:34 Heavy Plow
30:34 Stone Shaft Mining
32:50 Ballistics
32:53 Burgundian Vineyards
33:16 Bow Saw
34:26 Scale Barding Armor
34:56 Iron Casting
34:42 Husbandry
35:03 Masonry
35:04 Fortified Wall
35:58 Chain Barding Armor
36:34 Crop Rotation
37:11 Two-Man Saw
37:51 Padded Archer Armor
40:38 Imperial Age
39:20 Leather Archer Armor
40:43 Elite Coustillier
42:55 Chemistry
42:30 Architecture
42:05 Squires
43:00 Conscription
44:39 Blast Furnace
48:26 Elite Skirmisher
51:14 Plate Barding Armor
58:56 Scale Mail Armor
60:19 Arson
61:55 Chain Mail Armor
61:14 Pikeman
79:51 Fletching
81:09 Bodkin Arrow
82:17 Bracer
Odin
0:26 Loom
14:32 Feudal Age
15:00 Double-Bit Axe
20:18 Fletching
22:54 Castle Age
20:51 Fletching
21:41 Padded Archer Armor
23:16 Town Watch
24:10 Wheelbarrow
28:56 Horse Collar
29:16 Gold Mining
31:18 Heavy Plow
31:34 Bow Saw
33:34 Ballistics
33:34 Stone Mining
34:23 Gold Shaft Mining
37:30 Imperial Age
35:33 Bodkin Arrow
35:55 Leather Archer Armor
36:37 Masonry
36:25 Treadmill Crane
37:51 Murder Holes
37:41 Elite Bolas Rider
38:54 Ring Archer Armor
39:28 Chemistry
39:00 Architecture
39:11 Hand Cart
38:57 Town Patrol
39:47 Crop Rotation
39:59 Stone Shaft Mining
40:00 Conscription
40:17 Malon
48:09 Elite Skirmisher
55:52 Elite Kona
56:53 Forging
56:45 Scale Mail Armor
59:44 Iron Casting
59:25 Chain Mail Armor
63:33 Blast Furnace
66:56 Pikeman
71:04 Onager
72:44 Halberdier
83:01 Heavy Scorpion
Connection lost

Rejoining the realm…

Still unreachable

The connection could not be restored.

Session expired

The server has moved on; the page needs a fresh start.